AoeStats
← NiNi

Fortress

509656176Analyzed
4v4 RM · 6d ago on Sep 27, 2026· 88m 34s· 8 players
Game mode
Random Map
Map size
Huge
Population
200
Speed
Normal
Resources
Standard
Victory
Conquest
Starting age
Dark Age
Ending age
Imperial Age
RankedLock teamsTeams togetherTeam positionsShared explorationLock speedFull tech treeHidden civsTurbo modeCheats
Victory
Defeat
🇨🇦 Vikings · Canada
1176
+14
🇦🇹 Goths · Austria
1167
+14
🇯🇵 Bulgarians · Japan
1154
+15
🇦🇷 Mongols · Argentina
1110
+17
🇹🇼 Mongols · Taiwan
1230
-19
🇹🇼 Varangians · Taiwan
1202
-18
🇹🇼 Franks · Taiwan
1075
-13
🇹🇼 Teutons · Taiwan
1001
-10
夕陽傳說
8:01 Feudal Age
11:51 Castle Age
10:30 Double-Bit Axe
10:27 Horse Collar
13:37 Loom
14:35 Bow Saw
16:03 Heavy Plow
18:45 Gold Mining
21:54 Wheelbarrow
23:23 Hand Cart
23:56 Fletching
25:00 Gold Shaft Mining
25:08 Forging
29:02 Imperial Age
27:41 Bloodlines
27:32 Husbandry
27:39 Scale Barding Armor
29:09 Elite Steppe Lancer
30:26 Iron Casting
30:51 Chain Barding Armor
32:11 Blast Furnace
35:27 Conscription
37:10 Elite Mangudai
37:47 Bodkin Arrow
37:52 Padded Archer Armor
37:30 Light Cavalry
38:51 Bracer
39:13 Ballistics
39:57 Chemistry
40:21 Leather Archer Armor
40:15 Thumb Ring
40:35 Parthian Tactics
61:53 Caravan
81:05 Hussar
81:34 Capped Ram
AnAnHeart
7:54 Feudal Age
8:38 Loom
14:18 Castle Age
13:46 Double-Bit Axe
14:40 Wheelbarrow
16:29 Husbandry
19:21 Stone Mining
19:23 Gold Mining
23:23 Scale Barding Armor
30:39 Bow Saw
39:47 Hand Cart
44:12 Caravan
47:28 Imperial Age
48:17 Cavalier
49:28 Conscription
49:51 Chivalry
52:38 Paladin
57:13 Chain Barding Armor
57:07 Forging
58:09 Light Cavalry
65:08 Plate Barding Armor
65:10 Iron Casting
72:16 Blast Furnace
79:17 Capped Ram
86:44 Fortified Wall
86:46 Masonry
oioi55669
7:50 Feudal Age
11:48 Castle Age
10:09 Double-Bit Axe
10:24 Horse Collar
14:15 Bow Saw
20:06 Gold Mining
20:54 Wheelbarrow
20:04 Loom
21:01 Stone Mining
25:54 Imperial Age
23:56 Forging
23:47 Scale Mail Armor
23:57 Forging
23:47 Scale Mail Armor
24:39 Squires
24:25 Arson
24:25 Gambesons
25:29 Hand Cart
25:58 Elite Varangian Guard
27:15 Iron Casting
26:55 Chain Mail Armor
27:15 Iron Casting
28:29 Two-Man Saw
27:25 Gothikon
27:31 Gothikon
28:31 Conscription
29:14 Blast Furnace
28:44 Plate Mail Armor
29:14 Blast Furnace
28:44 Plate Mail Armor
29:20 Plate Mail Armor
30:41 Siege Engineers
32:47 Ballistics
35:59 Caravan
38:39 Husbandry
38:50 Bloodlines
39:23 Pikeman
40:10 Halberdier
42:11 Stone Shaft Mining
44:59 Capped Ram
46:50 Siege Ram
49:12 Scale Barding Armor
48:33 Light Cavalry
50:13 Chain Barding Armor
51:03 Hussar
52:12 Vendel Legacy
53:09 Cavalier
57:48 Plate Barding Armor
62:22 Elite Skirmisher
62:57 Fletching
63:07 Padded Archer Armor
62:58 Fletching
63:08 Padded Archer Armor
64:17 Chemistry
65:42 Bodkin Arrow
66:02 Leather Archer Armor
65:42 Bodkin Arrow
66:02 Leather Archer Armor
70:20 Bracer
70:50 Ring Archer Armor
70:21 Bracer
73:44 Heavy Plow
NiNi
8:05 Feudal Age
9:12 Feudal Age
14:24 Castle Age
23:37 Wheelbarrow
24:38 Hand Cart
25:04 Double-Bit Axe
25:07 Horse Collar
27:51 Stone Mining
30:36 Imperial Age
28:00 Pikeman
28:40 Squires
30:54 Forging
30:45 Scale Mail Armor
30:58 Bloodlines
31:00 Elite Teutonic Knight
32:14 Cavalier
32:47 Halberdier
34:38 Crenellations
34:38 Conscription
34:53 Guilds
38:28 Caravan
38:34 Loom
39:40 Hoardings
41:45 Paladin
43:29 Gold Mining
44:40 Iron Casting
44:20 Chain Mail Armor
44:11 Scale Barding Armor
54:18 Heavy Plow
54:37 Bow Saw
59:27 Blast Furnace
58:57 Plate Mail Armor
58:48 Chain Barding Armor
67:20 Arson
75:46 Elite Skirmisher
78:17 Fletching
78:27 Padded Archer Armor
84:48 Ballistics
85:28 Chemistry
84:40 Fortified Wall
84:54 Ballistics
84:49 Fortified Wall
85:00 Ballistics
85:40 Chemistry
85:56 Plate Barding Armor
V
5:24 Loom
7:26 Feudal Age
8:08 Double-Bit Axe
7:46 Man-at-Arms
8:34 Horse Collar
9:01 Gold Mining
10:50 Fletching
11:19 Forging
17:00 Castle Age
15:04 Arson
17:21 Stone Mining
18:49 Squires
18:52 Scale Mail Armor
19:29 Iron Casting
23:52 Bow Saw
25:53 Heavy Plow
26:32 Chain Mail Armor
30:29 Imperial Age
28:00 Pikeman
29:09 Caravan
29:16 Long Swordsman
29:58 Chieftains
29:51 Fletching
30:01 Padded Archer Armor
30:47 Gold Shaft Mining
31:43 Conscription
30:52 Two-Handed Swordsman
32:35 Blast Furnace
32:05 Plate Mail Armor
31:33 Champion
38:35 Plate Mail Armor
38:20 Fortified Wall
40:29 Hoardings
43:00 Two-Man Saw
42:33 Crop Rotation
42:41 Elite Skirmisher
43:21 Bodkin Arrow
43:41 Leather Archer Armor
46:27 Bracer
46:57 Ring Archer Armor
47:53 Ballistics
52:16 Chemistry
51:22 Siege Engineers
57:20 Crossbowman
69:07 Bogsveigar
75:46 Coinage
82:01 Banking
81:01 Elite Berserk
83:56 Town Watch
KJI
6:57 Feudal Age
11:20 Castle Age
10:12 Double-Bit Axe
10:07 Horse Collar
12:24 Loom
15:35 Stone Mining
17:52 Fletching
23:10 Wheelbarrow
24:12 Heavy Plow
26:15 Gold Mining
27:04 Scale Mail Armor
32:00 Imperial Age
29:57 Bow Saw
31:31 Chain Mail Armor
31:26 Forging
32:44 Bodkin Arrow
33:30 Conscription
33:18 Bagains
34:04 Plate Mail Armor
34:10 Iron Casting
33:51 Town Watch
35:48 Crop Rotation
36:27 Gambesons
36:43 Squires
37:48 Capped Ram
39:50 Blast Furnace
38:50 Bracer
39:44 Murder Holes
40:00 Masonry
39:38 Elite Konnik
40:47 Scale Barding Armor
40:42 Padded Archer Armor
42:15 Caravan
42:43 Siege Ram
44:20 Chain Barding Armor
45:41 Pikeman
48:04 Gold Shaft Mining
47:20 Stone Mining
47:40 Halberdier
58:53 Arson
73:02 Plate Barding Armor
3blue
8:11 Feudal Age
9:22 Double-Bit Axe
11:47 Castle Age
9:34 Loom
10:15 Horse Collar
14:25 Fervor
14:54 Wheelbarrow
14:53 Loom
15:26 Bow Saw
19:04 Heavy Plow
19:51 Gold Mining
21:23 Stone Mining
22:41 Hand Cart
27:05 Imperial Age
24:27 Man-at-Arms
25:08 Squires
25:09 Scale Mail Armor
25:20 Forging
26:17 Stone Shaft Mining
25:24 Long Swordsman
25:26 Pikeman
26:22 Chain Mail Armor
26:43 Iron Casting
27:25 Two-Handed Swordsman
29:06 Blast Furnace
28:11 Anarchy
28:32 Conscription
29:20 Two-Man Saw
28:25 Champion
29:46 Perfusion
31:05 Halberdier
31:52 Fletching
38:56 Caravan
45:26 Elite Huskarl
68:37 Crop Rotation
GonzaloMig
0:33 Loom
5:44 Feudal Age
11:37 Castle Age
9:36 Horse Collar
11:08 Double-Bit Axe
12:41 Wheelbarrow
13:02 Town Watch
13:33 Bow Saw
19:21 Fervor
19:21 Stone Mining
21:04 Fletching
21:14 Padded Archer Armor
21:27 Heavy Plow
25:20 Gold Mining
25:49 Hand Cart
25:46 Husbandry
27:48 Bodkin Arrow
28:14 Bloodlines
28:15 Light Cavalry
29:11 Leather Archer Armor
29:07 Forging
29:03 Scale Barding Armor
32:31 Imperial Age
31:33 Iron Casting
31:18 Chain Barding Armor
31:23 Ballistics
31:14 Masonry
31:00 Murder Holes
33:25 Scale Mail Armor
33:41 Caravan
34:12 Coinage
33:04 Heavy Camel Rider
35:07 Bracer
36:07 Blast Furnace
35:23 Chain Mail Armor
36:26 Chemistry
35:34 Thumb Ring
35:54 Parthian Tactics
37:59 Banking
37:41 Siege Engineers
38:50 Crossbowman
38:53 Man-at-Arms
38:54 Pikeman
39:34 Squires
39:20 Arson
39:08 Elite Mangudai
40:09 Conscription
42:19 Hussar
46:58 Plate Mail Armor
55:50 Drill
56:06 Hoardings
55:06 Capped Ram
58:03 Siege Ram
59:45 Elite Skirmisher
72:18 Heavy Scorpion
76:38 Sappers
Connection lost

Rejoining the realm…

Still unreachable

The connection could not be restored.

Session expired

The server has moved on; the page needs a fresh start.